AoeStats
← PolicyBot

MegaRandom

504123715Analyzed
2v2 RM · 2mo ago on Sep 4, 2026· 38m 52s· 4 players
Game mode
Random Map
Map size
Medium (4 player)
Population
200
Speed
Normal
Resources
Standard
Victory
Conquest
Starting age
Dark Age
Ending age
Imperial Age
RankedLock teamsTeams togetherTeam positionsShared explorationLock speedFull tech treeHidden civsTurbo modeCheats
Victory
Defeat
🇺🇸 Muisca · United States
1207
+11
🇺🇸 Georgians · United States
972
+21
vs
🇺🇸 Khmer · United States
1088
-16
🇺🇸 Mongols · United States
1080
-16
swwy
7:56 Loom
8:05 Loom
11:19 Feudal Age
15:30 Castle Age
17:50 Scale Barding Armor
19:33 Forging
23:11 Scale Mail Armor
25:58 Wheelbarrow
26:11 Town Watch
26:55 Murder Holes
28:17 Double-Bit Axe
28:14 Horse Collar
28:53 Hand Cart
28:49 Padded Archer Armor
29:30 Fletching
29:41 Gold Mining
31:08 Heavy Plow
31:23 Bow Saw
30:45 Light Cavalry
31:38 Bloodlines
31:32 Husbandry
32:57 Thumb Ring
33:58 Town Patrol
34:38 Bloodlines
37:52 Imperial Age
36:09 Bodkin Arrow
36:50 Iron Casting
36:32 Chain Mail Armor
36:40 Chain Barding Armor
36:38 Squires
36:13 Elite Skirmisher
PolicyBot
12:03 Feudal Age
13:50 Horse Collar
18:22 Castle Age
20:18 Double-Bit Axe
25:32 Bloodlines
26:52 Light Cavalry
32:40 Husbandry
33:05 Scale Barding Armor
34:35 Heavy Plow
35:11 Bow Saw
36:36 Forging
41:46 Imperial Age
39:56 Wheelbarrow
Dishes Dave
2:07 Loom
8:27 Loom
13:07 Feudal Age
17:03 Castle Age
16:55 Double-Bit Axe
17:18 Pikeman
18:47 Scale Mail Armor
18:58 Forging
23:35 Horse Collar
27:44 Fletching
27:54 Padded Archer Armor
28:36 Wheelbarrow
32:19 Imperial Age
31:36 Bodkin Arrow
37:27 Scale Barding Armor
Sarren
7:17 Loom
8:57 Loom
12:30 Feudal Age
15:43 Castle Age
13:15 Champi Runner
13:57 Double-Bit Axe
14:24 Scale Mail Armor
16:07 Champi Warrior
16:49 Squires
17:01 Forging
16:50 Fishing Lines
19:25 Town Watch
20:28 Fervor
20:01 Horse Collar
22:14 Wheelbarrow
21:36 Fletching
23:56 Medium Warships
24:32 Bow Saw
24:23 Heavy Plow
25:19 Chain Mail Armor
26:32 Hand Cart
27:21 Gold Mining
27:23 Stone Mining
27:44 Bodkin Arrow
28:59 Redemption
29:11 Sanctity
34:41 Imperial Age
33:08 Gold Shaft Mining
33:12 Stone Shaft Mining
33:11 Herbalism
34:29 Coinage
34:24 Town Patrol
35:21 Iron Casting
36:25 Plate Mail Armor
35:36 Elite Champi Warrior
36:46 Block Printing
37:01 Illumination
37:04 Heresy
37:34 Theocracy
37:32 Conscription
38:16 Banking
38:58 Two-Man Saw
38:30 Onager
Connection lost

Rejoining the realm…

Still unreachable

The connection could not be restored.

Session expired

The server has moved on; the page needs a fresh start.